Map: New Gettysburg LE

Players

Fropez

  • Race: Protoss Protoss
  • League: Gold
  • Spawn Location: 5:00

Sensei - Winner!

  • Race: Terran Terran
  • Spawn Location: 7:00

VOD

Have the link to the VOD?

Description

Time

  • Played on: Sept. 12, 2016, 11:01 a.m.
  • Length: 6:30
Show
View Real Time Build Order
Export as new Build Order

Fropez Protoss 

Build Orders: 1 Gate Expand 

Get SALT Encoding   

  12  0:01  Probe (Chrono Boost)  
  13  0:15  Pylon  
  13  0:18  Probe (Chrono Boost)  
  14  0:36  Gateway  
  14  0:40  Probe (Chrono Boost)  
  15  0:55  Assimilator  
  15  0:56  Probe (Chrono Boost)  
  16  1:17  Nexus  
  16  1:32  Cybernetics Core  
  16  1:35  Probe (Chrono Boost)  
  17  1:45  Probe (Chrono Boost)  
  18  1:56  Probe (Chrono Boost)  
  19  2:06  Probe (Chrono Boost), Gateway  
  20  2:08  Warp Gate (Chrono Boost)  
  19  2:17  Probe (Chrono Boost)  
  19  2:18  Adept (Chrono Boost)  
  22  2:28  Probe  
  23  2:35  Pylon  
  23  2:36  Pylon, Probe  
  24  2:47  Adept (Chrono Boost)  
  26  2:57  Adept (Chrono Boost)  
  28  3:02  Mothership Core  
  28  3:03  Probe  
  31  3:08  Assimilator  
  33  3:20  Adept (Chrono Boost)  
  33  3:21  Adept (Chrono Boost)  
  33  3:22  Probe  
  36  3:40  Gateway  
  36  4:08  Forge  
  36  4:13  Twilight Council  
  36  4:18  Pylon  
  33  4:24  Pylon, Robotics Facility  
  33  4:25  Pylon  
  33  4:27  Pylon  
  11  5:32  Probe  
Show
View Real Time Build Order
Export as new Build Order

Sensei Terran - Winner!

Build Orders:  

Get SALT Encoding   

  12  0:03  SCV  
  13  0:15  SCV  
  14  0:21  Supply Depot  
  14  0:28  SCV  
  15  0:43  SCV  
  15  0:44  Barracks  
  16  0:50  Refinery  
  16  0:55  SCV  
  17  1:05  Barracks  
  17  1:07  SCV  
  18  1:13  Refinery  
  18  1:19  SCV  
  18  1:23  Supply Depot  
  19  1:31  SCV  
  20  1:49  Supply Depot  
  20  1:57  Barracks Tech Lab  
  20  1:59  Ghost Academy  
  20  2:02  SCV  
  21  2:14  SCV  
  22  2:30  Ghost  
  22  2:36  Orbital Command  
  24  2:56  Personal Cloaking  
  24  3:02  SCV  
  24  3:05  Ghost  
  26  3:14  SCV  
  27  3:26  SCV  
  28  3:33  Ghost  
  30  3:38  SCV  
  31  3:55  Command Center  
  31  4:02  Ghost  
  31  5:15  Ghost  
  29  5:23  Orbital Command  
  29  5:28  Supply Depot  
  29  5:48  Ghost  
  30  5:56  Supply Depot  
  30  5:57  Supply Depot  
  32  6:23  Barracks  
Tags
 
League
Gold
Matchup
PvT
Replay Pack
All Mines
Spawn Locations
Close Positions
Add a new tag
Caveats
  • Supply blocks, unpowered buildings, or Contaminate may cause inaccurate times.
  • Supply counts are checked every 10 seconds.